 Dungeon Crawl Stone Soup version 0.17-a0-1093-g0b3cd89 (webtiles) character file.

171523 inmateoo the Lord of Darkness (level 18, -9/123 HPs)
             Began as a Human Necromancer on May 20, 2015.
             Was the Champion of Kikubaaqudgha.
             Mangled by a salamander
             ... wielding a +0 spear
              (12 damage)
             ... on level 4 of the Snake Pit on May 21, 2015.
             The game lasted 02:22:48 (39410 turns).

inmateoo the Lord of Darkness (Human Necromancer)  Turns: 39410, Time: 02:22:48

Health: -9/123     AC: 20    Str: 19    XL:     18   Next: 65%
Magic:  33/42      EV: 15    Int: 24    God:    Kikubaaqudgha [******]
Gold:   774        SH:  7    Dex:  9    Spells: 11 memorised, 0 levels left

rFire  . . .     SeeInvis .     m - staff of death
rCold  + + +     Clarity  .     j - +5 ring mail
rNeg   + . .     SustAb   .     x - +3 buckler of Virtue {+Inv Regen+ Str+4 Int-2}
rPois  +         Gourm    .     B - +2 hat {rC+}
rElec  +         Spirit   .     s - +2 cloak {MR+}
rCorr  .         Warding  .     D - +2 pair of gloves "Jodorot" {rPois Int+5 Dex-3 Stlth+}
rMut   +         Stasis   .     I - +0 pair of boots of Beogh's Generosity {+Blink rElec Regen+ Str+6}
MR     ++...                    a - amulet "Ymexou Riec" {rMut rC+}
Stlth  ++++++....               f - ring of magical power
                                A - ring of wizardry

@: regenerating (expiring), studying Stealth, very resistant to hostile
enchantments, very stealthy
A: horns 1, clumsy 1, cold resistance 1, dopey 1, shaggy fur 1, spit poison 1
a: Spit Poison, Receive Corpses, Torment, Renounce Religion, Evoke Blink, Evoke
Invisibility


You were on level 4 of the Snake Pit.
You worshipped Kikubaaqudgha.
Kikubaaqudgha was exalted by your worship.
You were not hungry.

You visited 6 branches of the dungeon, and saw 34 of its levels.
You also visited: Sewer, Ossuary, Bailey and Ice Cave.

You collected 3323 gold pieces.
You spent 2549 gold pieces at shops.

Inventory:

Hand weapons
 S - a +5 demon blade of draining
Armour
 j - a +5 ring mail (worn)
 s - a +2 cloak of magic resistance (worn)
 x - the +3 buckler of Virtue (worn) {+Inv Regen+ Str+4 Int-2}
   (You acquired it on level 9 of the Dungeon)

   It affects your strength (+4).
   It affects your intelligence (-2).
   It lets you turn invisible.
   It increases your rate of regeneration.
 B - a +2 hat of cold resistance (worn)
 D - the +2 pair of gloves "Jodorot" (worn) {rPois Int+5 Dex-3 Stlth+}
   (You acquired it on level 8 of the Lair of Beasts)

   It affects your intelligence (+5).
   It affects your dexterity (-3).
   It protects you from poison.
   It makes you more stealthy.
 I - the +0 pair of boots of Beogh's Generosity (worn) {+Blink rElec Regen+ Str+6}
   (You acquired it on level 4 of the Orcish Mines)

   It affects your strength (+6).
   It insulates you from electricity.
   It lets you blink.
   It increases your rate of regeneration.
Magical staves
 m - an uncursed staff of death (weapon)
 X - an uncursed staff of wizardry
Rods
 u - a +0 lightning rod (12/12)
   (You took it off an orc warrior on level 8 of the Dungeon)
Jewellery
 a - the amulet "Ymexou Riec" (around neck) {rMut rC+}
   (You found it in an ice cave)

   [amulet of resist mutation]

   It protects you from mutation.
   It protects you from cold.
 f - a ring of magical power (right hand)
 o - an uncursed amulet of guardian spirit
 p - an uncursed ring of protection from fire
 A - a ring of wizardry (left hand)
 P - an uncursed ring of sustain abilities
 R - an uncursed ring of protection from magic
Magical devices
 C - a wand of disintegration (5)
 E - a wand of teleportation (6)
 M - a wand of draining (2)
 O - a wand of heal wounds (5)
 U - a wand of digging (9)
Scrolls
 k - 5 scrolls of remove curse
 l - 6 scrolls of amnesia
 t - 6 scrolls of fog
 y - 12 scrolls of identify
 H - 3 scrolls of magic mapping
 T - 4 scrolls of teleportation
 V - 3 scrolls of enchant armour
Potions
 d - 5 potions of flight
 e - 7 potions of brilliance
 g - a potion of resistance
 v - 15 potions of curing
 w - a potion of berserk rage
 z - 5 potions of haste
 J - 3 potions of heal wounds
 K - 3 potions of agility
 L - 2 potions of cancellation
 N - 2 potions of magic
 W - a potion of ambrosia
 Y - 5 potions of might
Books
 b - a Necronomicon

   Spells                             Type                      Level
   a - Haunt                          Necromancy/Summoning         7
   b - Borgnjor's Revivification      Necromancy                   8
   c - Death's Door                   Charms/Necromancy            8
   d - Necromutation                  Transmutation/Necromancy     8
 q - a manual of Stealth
Miscellaneous
 i - a lamp of fire (inert)
 r - a stone of tremors
 F - a phial of floods (inert)
Comestibles
 c - 13 bread rations
 n - 10 meat rations


   Skills:
 - Level 6.0 Fighting
 * Level 7.1 Long Blades
 - Level 10.0(10.2) Maces & Flails
 - Level 3.4(7.2) Staves
 + Level 12.0 Dodging
 + Level 14.6 Stealth
 - Level 5.2 Shields
 + Level 11.3 Spellcasting
 * Level 16.5 Necromancy
 + Level 11.4 Evocations


You couldn't memorise any spells.
You knew the following spells:

 Your Spells              Type           Power        Failure   Level  Hunger
a - Pain                  Necr           ####         0%          1    None
b - Dispel Undead         Necr           #######.     1%          5    ####...
c - Vampiric Draining     Necr           #######...   1%          3    None
d - Regeneration          Chrm/Necr      ######....   1%          3    None
e - Animate Dead          Necr           N/A          1%          4    None
f - Corpse Rot            Necr           N/A          0%          2    None
g - Sublimation of Blood  Necr           #######...   0%          2    None
h - Animate Skeleton      Necr           N/A          0%          1    None
i - Agony                 Necr           #######.     1%          5    ####...
j - Death Channel         Necr           #######...   1%          6    #####..
k - Haunt                 Necr/Summ      ######....   89%         7    #######


Dungeon Overview and Level Annotations

Branches:
Dungeon (15/15)            Temple (1/1) D:6            Lair (8/8) D:11
 Shoals (0/4) Lair:3        Snake (4/4) Lair:6        Slime (0/6) Lair:7
    Orc (4/4) D:10            Elf (2/3) Orc:3        Vaults (0/5) D:14
 Depths (0/5) D:15

Altars:
Cheibriados
Dithmenos
Elyvilon
Gozag
Kikubaaqudgha
Makhleb
Nemelex Xobeh
Okawaru
Qazlal
Ru
Sif Muna
Trog
Vehumet
Yredelemnul
Zin
The Shining One
Beogh
Jiyva

Shops:
D:2 *   D:10 [   Orc:4 }!?=   Elf:1 !

Annotations:
D:3 Lokkij's ghost, average GrFi
D:5 miau's ghost, experienced GrMo
Snake:3 Donald


Innate Abilities, Weirdness & Mutations

You have a pair of small horns on your head.
You are clumsy. (Dex -2)
Your flesh is cold resistant.
You are dopey. (Int -2)
You are covered in fur (AC +1).
You can spit weak poison.


Message History

You hit the shock serpent but do no damage.
The shock serpent convulses in agony!
The shock serpent is severely wounded.
The shock serpent's electric aura discharges!
The lightning shocks you.
* * * LOW HITPOINT WARNING * * *
The shock serpent is engulfed in roaring flames.
The shock serpent bites you!
* * * LOW HITPOINT WARNING * * *
The shock serpent shocks you. You resist.
* * * LOW HITPOINT WARNING * * *
The shock serpent's electric aura discharges!
The lightning shocks you.
* * * LOW HITPOINT WARNING * * *
The shock serpent misses you.
The salamander hits you from afar with a spear!
* * * LOW HITPOINT WARNING * * *
You are engulfed in flames!
You die...
Kikubaaqudgha rasps: "You have failed me!
Welcome... death!"

******,,,,,,.........≈≈≈....,**
,,,,,,,,,..,,"...#...≈≈≈.#..,,*
,,,,,.........#......≈)...<.,,**
,,,,,........#*#.#..≈≈...#..,,,*
****,........##*#...≈.....#,,,,**
****,.........##*#.#§#.#.#**,,,,*
,,,,,..........####§.§§§§# *,,,,*
,,,,,...........##NNE§§§.#***,,,,
,,,,,...........@SN.E§§§§.# *,,,,
,,,,,....)..<....S........#**,,,,
,,,**....########..........#**,,,
,,,**#,***,,,,,,####.......# *,,,
,,,* ***,,,,,,,,,,,###.....# *,,,
,,,***,,,,,,,,,,,,,,,*#....#**,,,
,,,**,,,,,*******,,,,,*....,***,,
,,,*,,,,,**,,,,,***,,,**..,,* *,,
,,,,,,,,**,,,,,,,,**,,,*,,,,* *,,


You could see a salamander mystic, 2 salamanders, 2 shock serpents and 2
friendly fire elementals.

Vanquished Creatures
  Nikola (Snake:2)
  Rupert (Orc:3)
  Agnes (D:15)
  A greater naga (Snake:2)
  Maud (Orc:1)
  An orc warlord (Orc:4)
  The ghost of Charly the Severer, a powerful DDBe of Trog (D:14)
  Nessos (Orc:4)
  A deep elf demonologist (Elf:2)
  The ghost of Fluffy the Cleaver, a powerful HOFi of Okawaru (Orc:3)
  2 vault guards (D:14)
  A deep elf death mage (Elf:1)
  Harold (D:12)
  6 naga warriors
  11 hydras
  The ghost of Lugonue the Thaumaturge, a powerful DgTm (Lair:1)
  A catoblepas (Lair:8)
  Erica (D:7)
  8 anacondas
  4 centaur warriors
  A salamander stormcaller (D:14)
  A tengu warrior (D:13)
  8 death yaks (Lair:8)
  8 naga sharpshooters
  4 deep elf knights (Elf:1)
  3 shock serpents
  Sonja (Orc:2)
  Nergalle (Orc:2)
  A wizard (D:14)
  A salamander mystic (Snake:2)
  2 unseen horrors (D:14)
  4 skeletal warriors (D:11)
  7 deep elf summoners
  4 necromancers (Elf:1)
  6 hill giants
  5 mana vipers
  5 orc knights
  4 deep elf conjurers
  5 cyclopes
  7 salamanders
  A manticore (D:14)
  7 ugly things
  7 naga magi
  24 elephants
  16 black mambas
  6 centaur zombies
  Maurice (D:8)
  2 guardian serpents (Snake:3)
  A siren (Lair:3)
  3 gargoyles
  8 spiny frogs
  2 large abominations (Elf:1)
  A yaktaur (D:14)
  A tengu conjurer (D:13)
  A water elemental (Snake:4)
  8 fire drakes
  7 komodo dragons
  A blue devil (IceCv)
  A merfolk (Lair:3)
  A freezing wraith (D:15)
  A polar bear (Lair:6)
  9 trolls
  Prince Ribbit (D:5)
  A jumping spider (shapeshifter) (Elf:1)
  5 slime creatures (D:13)
  16 blink frogs
  4 two-headed ogres
  A raven (D:13)
  15 humans
  17 deep elf magi
  A shadow (D:11)
  3 wyverns
  A basilisk (Lair:8)
  8 deep elf fighters
  A redback (D:14)
  38 yaks
  14 hippogriffs
  3 vampire mosquitoes (D:13)
  3 hungry ghosts
  2 soldier ants
  17 nagas
  Edmund (D:5)
  The ghost of Hanyuu the Insei, an average OpTm (Sewer)
  3 mottled dragons
  29 wolves
  15 water moccasins
  54 orc warriors
  7 porcupines
  Duvessa (D:5)
  4 wargs
  2 necrophages
  9 ice beasts
  A phantom (D:7)
  2 black bears
  12 ogres
  2 eyes of draining
  A wasp (D:7)
  5 sky beasts
  A boggart (D:14)
  37 centaurs
  22 giant frogs
  A gnoll sergeant (D:7)
  10 crocodiles
  3 big kobolds
  3 wyvern skeletons
  4 scorpions
  Dowan (D:5)
  9 killer bees (D:7)
  11 wights
  2 electric eels (Lair:8)
  6 centaur skeletons
  A giant frog zombie (D:12)
  5 jellies
  A quasit (D:9)
  6 crimson imps
  8 hounds
  19 orc priests
  5 giant frog skeletons
  2 hell rats (Elf:2)
  Jessica (D:2)
  7 iguanas
  35 orc wizards
  15 worker ants
  5 sheep
  A hound zombie (D:8)
  A worker ant zombie (D:8)
  21 gnolls
  7 adders
  33 river rats
  4 shadow imps
  5 white imps (IceCv)
  6 ufetubi (IceCv)
  An adder skeleton (D:9)
  An ooze (D:1)
  4 worms
  9 giant geckos
  211 orcs
  23 bats
  A bat skeleton (D:4)
  4 giant cockroaches
  42 goblins
  28 hobgoblins
  30 kobolds
  3 quokkas
  4 ball pythons
  4 giant newts
  10 jackals
  A quokka skeleton (D:4)
  23 rats
  A butterfly (Lair:3)
  2 fungi
1233 creatures vanquished.

Vanquished Creatures (collateral kills)
  Vashnia (Snake:2)
  A fire giant (D:15)
  An orc warlord (Bailey)
  Aizul (Snake:2)
  A deep elf death mage (Elf:1)
  3 hydras
  A naga warrior (Snake:2)
  Erolcha (D:12)
  A centaur warrior (D:14)
  A deep troll shaman (Lair:8)
  6 naga sharpshooters (Snake:2)
  An ice devil (IceCv)
  2 ice statues (IceCv)
  A lindwurm (Lair:8)
  A naga ritualist (Snake:2)
  2 salamanders
  2 ugly things
  2 necromancers
  A black mamba (Snake:2)
  2 elephants
  A siren (Lair:3)
  2 spiny frogs
  An efreet (D:14)
  A fire drake (Lair:4)
  5 blue devils (IceCv)
  A merfolk (Lair:3)
  4 slime creatures (D:12)
  2 blink frogs (Lair:2)
  A basilisk (Lair:4)
  3 humans (D:14)
  4 yaks
  A hungry ghost (D:12)
  A water moccasin (Lair:8)
  A naga (Snake:2)
  An ogre (D:13)
  3 ice beasts (IceCv)
  3 orc warriors (Orc:4)
  A crocodile (Lair:2)
  An elf zombie (Elf:1)
  A giant frog (D:12)
  A killer bee (D:7)
  2 iguanas
  3 sheep (D:9)
  2 worker ants (Lair:8)
  A hound zombie (D:11)
  An adder (D:12)
  A white imp (IceCv)
  An ufetubus (IceCv)
  4 orcs
  A hobgoblin (Bailey)
  4 goblins (Bailey)
  A spectral orc (Orc:2)
  2 fungi (D:11)
  2 plants
96 creatures vanquished.

Vanquished Creatures (others)
  A wizard (D:14)
  A black mamba (Snake:2)
  8 water elementals
  A deep elf mage (Elf:2)
  An earth elemental (Snake:2)
  2 lost souls (Elf:1)
  An adder (D:11)
  4 white imps (IceCv)
  17 fungi
  6 plants
42 creatures vanquished.

Grand Total: 1371 creatures vanquished

Notes
Turn   | Place    | Note
--------------------------------------------------------------
     0 | D:1      | inmateoo the Human Necromancer began the quest for the Orb.
     0 | D:1      | Reached XP level 1. HP: 13/13 MP: 3/3
   140 | D:1      | Reached XP level 2. HP: 11/19 MP: 0/5
   522 | D:1      | Reached XP level 3. HP: 7/24 MP: 0/6
  1307 | D:2      | Learned a level 1 spell: Animate Skeleton
  1311 | D:2      | Learned a level 3 spell: Vampiric Draining
  1465 | D:2      | Found Zin's Purification Station.
  1470 | D:2      | Found a glowing silver altar of Zin.
  1546 | D:2      | Reached XP level 4. HP: 21/31 MP: 0/7
  1682 | D:2      | Noticed Jessica
  1691 | D:2      | Killed Jessica
  1691 | D:2      | Reached skill level 1 in Maces & Flails
  2006 | D:2      | Reached skill level 1 in Fighting
  2077 | D:2      | Reached XP level 5. HP: 35/37 MP: 6/9
  2093 | D:2      | Found an opulent altar of Gozag.
  2537 | D:3      | Noticed Lokkij's ghost (average GrFi)
  2807 | D:4      | Learned a level 3 spell: Regeneration
  2895 | D:4      | Found a sand-covered staircase.
  2969 | Ossuary  | Entered an ossuary
  3482 | D:5      | Entered Level 5 of the Dungeon
  3542 | D:5      | Noticed miau's ghost (experienced GrMo)
  3599 | D:5      | Found a glowing drain.
  3645 | D:5      | Noticed Prince Ribbit
  3675 | Sewer    | Entered a sewer
  3740 | Sewer    | Noticed Hanyuu's ghost (average OpTm)
  3774 | Sewer    | Killed Hanyuu's ghost
  3774 | Sewer    | Reached XP level 6. HP: 31/43 MP: 8/10
  3851 | Sewer    | Reached skill level 1 in Evocations
  3889 | Sewer    | Reached XP level 7. HP: 34/48 MP: 7/11
  3986 | Sewer    | Found a white marble altar of Elyvilon.
  4184 | D:5      | Noticed Edmund
  4204 | D:5      | Killed Edmund
  4407 | D:5      | Reached skill level 5 in Necromancy
  4494 | D:5      | Noticed Dowan
  4505 | D:5      | Killed Dowan
  4619 | D:5      | Noticed Duvessa
  4685 | D:5      | Killed Duvessa
  5048 | D:5      | Reached XP level 8. HP: 50/56 MP: 13/13
  5134 | D:5      | Killed Prince Ribbit
  6494 | D:6      | Reached skill level 6 in Necromancy
  6494 | D:6      | Reached XP level 9. HP: 51/63 MP: 15/15
  7040 | D:6      | Found a staircase to the Ecumenical Temple.
  7066 | Temple   | Entered the Ecumenical Temple
  7084 | Temple   | Became a worshipper of Kikubaaqudgha
  7243 | D:6      | Reached skill level 5 in Maces & Flails
  7393 | D:7      | Reached skill level 5 in Stealth
  7797 | D:7      | Reached skill level 7 in Necromancy
  8296 | D:7      | Acquired Kikubaaqudgha's first power
  8296 | D:7      | Received a gift from Kikubaaqudgha
  8296 | D:7      | Reached XP level 10. HP: 37/71 MP: 8/17
  8299 | D:7      | Identified Kikubaaqudgha's Handbook of Black Secrets (Kikubaaqudgha gifted it to you on level 7 of the Dungeon)
  8371 | D:7      | Reached skill level 5 in Spellcasting
  8376 | D:7      | Reached skill level 5 in Dodging
  8726 | D:7      | Found a bloodstained altar of Trog.
  8745 | D:7      | Learned a level 4 spell: Animate Dead
  8748 | D:7      | Learned a level 2 spell: Corpse Rot
  8751 | D:7      | Learned a level 2 spell: Sublimation of Blood
  9234 | D:8      | Noticed Erica
  9399 | D:7      | Killed Erica
  9399 | D:7      | Reached skill level 8 in Necromancy
  9538 | D:8      | Identified a scroll of acquirement
  9634 | D:8      | Noticed Maurice
  9733 | D:8      | Killed Maurice
  9741 | D:8      | Acquired Kikubaaqudgha's second power
  9888 | D:8      | Reached skill level 5 in Fighting
  9983 | D:8      | Reached skill level 5 in Evocations
 10080 | D:8      | Reached XP level 11. HP: 73/79 MP: 8/19
 10416 | D:9      | Got a brightly glowing buckler
 10422 | D:9      | Identified the +3 buckler of Virtue {+Inv Regen+ Str+4 Int-2} (You acquired it on level 9 of the Dungeon)
 10643 | D:9      | Reached skill level 1 in Shields
 10685 | D:9      | Reached skill level 9 in Necromancy
 10930 | D:9      | Found a radiant altar of Vehumet.
 10933 | D:9      | Found a glowing golden altar of the Shining One.
 10936 | D:9      | Found a deep blue altar of Sif Muna.
 10939 | D:9      | Found a white marble altar of Elyvilon.
 11060 | D:9      | Received a gift from Kikubaaqudgha
 11078 | D:9      | Identified Kikubaaqudgha's Tome of Evil (Kikubaaqudgha gifted it to you on level 9 of the Dungeon)
 11085 | D:9      | Learned a level 5 spell: Dispel Undead
 11485 | D:10     | Entered Level 10 of the Dungeon
 11514 | D:10     | Noticed a hill giant
 11532 | D:10     | Killed a hill giant
 11537 | D:10     | Gained mutation: You have a pair of small horns on your head. [potion of mutation]
 11537 | D:10     | Gained mutation: Your spells are a little harder to cast, but a little more powerful. [potion of mutation]
 11537 | D:10     | Gained mutation: You are frail (-10% HP). [potion of mutation]
 11547 | D:10     | Gained mutation: You have a pair of horns on your head. [potion of mutation]
 11547 | D:10     | Gained mutation: You are clumsy. (Dex -2) [potion of mutation]
 11549 | D:10     | Gained mutation: You are dopey. (Int -2) [potion of mutation]
 11549 | D:10     | Gained mutation: You have a pair of large horns on your head. [potion of mutation]
 11549 | D:10     | Gained mutation: You are weak. (Str -2) [potion of mutation]
 12188 | D:10     | Found a staircase to the Orcish Mines.
 12190 | D:10     | Found Elic Jiu's Armour Emporium.
 12938 | D:11     | Reached XP level 12. HP: 62/78 MP: 21/21
 13449 | D:11     | Got an encrusted scale mail
 13471 | D:11     | Identified the cursed +0 scale mail of Pygg {Str+2} (You found it on level 11 of the Dungeon)
 13573 | D:11     | Noticed a skeletal warrior
 13833 | D:11     | Acquired Kikubaaqudgha's third power
 13833 | D:11     | Reached skill level 10 in Necromancy
 14057 | D:11     | Found a staircase to the Lair.
 14102 | D:11     | Noticed a skeletal warrior
 14102 | D:11     | Noticed a skeletal warrior
 14105 | D:11     | Noticed a skeletal warrior
 14426 | D:12     | Found Uweof's Weapon Boutique.
 14469 | D:12     | Noticed Erolcha
 14495 | D:12     | Killed Erolcha
 14643 | D:12     | Noticed Harold
 14667 | D:12     | Killed Harold
 14817 | D:12     | Noticed a seven-headed hydra
 14827 | D:12     | Killed a seven-headed hydra
 15006 | D:12     | Found a bloodstained altar of Trog.
 15426 | D:11     | Killed a skeletal warrior
 15429 | D:11     | Killed a skeletal warrior
 15429 | D:11     | Reached XP level 13. HP: 83/83 MP: 5/23
 15750 | D:11     | Killed a skeletal warrior
 15810 | D:11     | Killed a skeletal warrior
 15929 | D:11     | Reached skill level 11 in Necromancy
 16310 | D:13     | Found a flagged portal.
 16318 | D:13     | Got a translucent hand axe
 16319 | D:13     | Identified the cursed +0 hand axe of Osaud {elec, +Fly} (You found it on level 13 of the Dungeon)
 16323 | Bailey   | Entered a bailey
 16354 | Bailey   | Acquired Kikubaaqudgha's fourth power
 16535 | Bailey   | Reached skill level 5 in Shields
 16548 | Bailey   | Noticed an orc warlord
 16922 | Bailey   | Got a spiked buckler
 16938 | Bailey   | Killed an orc warlord
 16948 | Bailey   | Identified the +2 buckler "Rirant" {Str+4} (You acquired it in a bailey)
 17273 | D:13     | Gained mutation: You have large cloven feet. [mutagenic meat]
 18488 | D:14     | Lost mutation: You have a pair of large horns on your head. [mutagenic meat]
 18565 | D:14     | Found a portal to a secret trove of treasure.
 18586 | D:14     | Reached skill level 12 in Necromancy
 18746 | D:11     | Gained mutation: You are covered in fur (AC +1). [mutagenic meat]
 18748 | D:11     | Gained mutation: You are somewhat resistant to further mutation. [mutagenic meat]
 18758 | Lair:1   | Entered Level 1 of the Lair of Beasts
 18784 | Lair:1   | Noticed Lugonue's ghost (powerful DgTm)
 18791 | Lair:1   | Killed Lugonue's ghost
 19047 | Lair:1   | Reached XP level 14. HP: 68/90 MP: 22/26
 19674 | Lair:2   | Got a bronze leather armour
 19685 | Lair:2   | Identified the +0 leather armour of Indomitability {-Tele Int+6} (You found it on level 2 of the Lair of Beasts)
 20819 | Lair:3   | Found a staircase to the Shoals.
 23200 | Lair:5   | Reached skill level 10 in Stealth
 23200 | Lair:5   | Reached skill level 13 in Necromancy
 23656 | Lair:6   | Found a staircase to the Snake Pit.
 23838 | Lair:6   | Reached XP level 15. HP: 50/94 MP: 7/28
 24484 | Lair:7   | Found a viscous altar of Jiyva.
 24485 | Lair:7   | Found a staircase to the Slime Pits.
 25591 | Lair:8   | Entered Level 8 of the Lair of Beasts
 25989 | Lair:8   | Reached skill level 10 in Dodging
 26079 | Lair:8   | Identified the Volume of Battle Magic and Poison
 26087 | Lair:8   | Got a pair of twisted gloves
 26098 | Lair:8   | Identified the +2 pair of gloves "Jodorot" {rPois Int+5 Dex-3 Stlth+} (You acquired it on level 8 of the Lair of Beasts)
 26237 | Lair:8   | Reached skill level 14 in Necromancy
 27444 | Temple   | Received a gift from Kikubaaqudgha
 27587 | Orc:1    | Entered Level 1 of the Orcish Mines
 27689 | Orc:2    | Noticed Maud
 27690 | Orc:2    | Noticed Nergalle
 27708 | Orc:1    | Killed Maud
 27800 | Orc:2    | Killed Nergalle
 27900 | Orc:2    | Found a roughly hewn altar of Beogh.
 27957 | Orc:2    | Noticed Sonja
 27972 | Orc:2    | Killed Sonja
 28054 | Orc:2    | Found an iron altar of Okawaru.
 28692 | Orc:3    | Noticed Rupert
 28720 | Orc:3    | Killed Rupert
 28720 | Orc:3    | Reached XP level 16. HP: 29/99 MP: 7/29
 28872 | Orc:3    | Found a frozen archway.
 28880 | Orc:3    | Noticed Fluffy's ghost (powerful HOFi)
 28899 | Orc:3    | Killed Fluffy's ghost
 29022 | IceCv    | Entered an ice cave
 29555 | IceCv    | Got a warped garnet amulet
 29559 | IceCv    | Identified the amulet "Ymexou Riec" {rMut rC+} (You found it in an ice cave)
 29710 | Orc:3    | Found a staircase to the Elven Halls.
 29881 | Orc:4    | Entered Level 4 of the Orcish Mines
 30010 | Orc:4    | Reached skill level 10 in Spellcasting
 30661 | Orc:4    | Found Maom's Magic Scroll Boutique.
 30661 | Orc:4    | Found Otehoehesch's Distillery.
 30663 | Orc:4    | Found Aki Cap's Gadget Emporium.
 30665 | Orc:4    | Found Zudur's Jewellery Shop.
 30673 | Orc:4    | Bought a scroll of acquirement for 728 gold pieces
 30673 | Orc:4    | Bought a scroll of identify for 28 gold pieces
 30673 | Orc:4    | Bought a scroll of magic mapping for 49 gold pieces
 30673 | Orc:4    | Bought a scroll of teleportation for 42 gold pieces
 30673 | Orc:4    | Bought a scroll of blinking for 105 gold pieces
 30673 | Orc:4    | Bought a scroll of recharging for 133 gold pieces
 30674 | Orc:4    | Got a pair of bloodstained boots
 30685 | Orc:4    | Identified the +0 pair of boots of Beogh's Generosity {+Blink rElec Regen+ Str+6} (You acquired it on level 4 of the Orcish Mines)
 30687 | Orc:4    | Bought a potion of haste for 140 gold pieces
 30687 | Orc:4    | Bought a potion of curing for 42 gold pieces
 30687 | Orc:4    | Bought a potion of brilliance for 56 gold pieces
 30692 | Orc:4    | Bought a scroll of fog for 28 gold pieces
 30694 | Orc:4    | Bought an uncursed ring of wizardry for 510 gold pieces
 30813 | Orc:4    | Reached skill level 10 in Evocations
 30969 | Orc:4    | Noticed Nessos
 31063 | Orc:4    | Killed Nessos
 31358 | Elf:1    | Entered Level 1 of the Elven Halls
 31645 | Elf:1    | Reached skill level 10 in Maces & Flails
 31774 | Elf:1    | Identified the Catalogue of Sinister Rituals
 31864 | Elf:1    | Reached skill level 1 in Staves
 31898 | Elf:1    | Reached skill level 15 in Necromancy
 32063 | Elf:1    | Found Cutor's Distillery.
 32071 | Elf:1    | Bought a potion of mutation for 42 gold pieces
 32071 | Elf:1    | Bought a potion of haste for 170 gold pieces
 32071 | Elf:1    | Bought a potion of brilliance for 68 gold pieces
 32071 | Elf:1    | Bought a potion of curing for 51 gold pieces
 32071 | Elf:1    | Bought 2 potions of curing for 102 gold pieces
 32071 | Elf:1    | Bought a potion of ambrosia for 136 gold pieces
 32071 | Elf:1    | Bought a potion of brilliance for 68 gold pieces
 32071 | Elf:1    | Bought a potion of curing for 51 gold pieces
 32084 | Elf:1    | Got a bone long sword
 32085 | Elf:1    | Identified the +6 long sword "Mupyp" {flame, Str+4} (You found it on level 1 of the Elven Halls)
 32816 | D:14     | Noticed Charly's ghost (powerful DDBe)
 32940 | D:14     | Reached XP level 17. HP: 98/105 MP: 31/31
 33025 | D:14     | Reached skill level 1 in Long Blades
 33204 | D:14     | Learned a level 5 spell: Agony
 33211 | D:14     | Learned a level 6 spell: Death Channel
 33303 | D:14     | Noticed a vault guard
 33322 | D:14     | Noticed a vault guard
 33345 | D:14     | Killed a vault guard
 33380 | D:14     | Killed a vault guard
 33418 | D:14     | Found a gate to the Vaults.
 33781 | D:14     | Killed Charly's ghost
 33853 | D:15     | Entered Level 15 of the Dungeon
 34240 | D:15     | Found a staircase to the Depths.
 34619 | D:15     | Noticed Agnes
 34630 | D:15     | Killed Agnes
 35579 | Snake:1  | Entered Level 1 of the Snake Pit
 35614 | Snake:1  | Reached skill level 5 in Long Blades
 36476 | Snake:2  | Noticed Aizul
 36488 | Snake:2  | Killed Aizul
 36575 | Snake:2  | Reached skill level 16 in Necromancy
 36604 | Snake:2  | Reached XP level 18. HP: 108/110 MP: 3/33
 36800 | Snake:2  | Noticed Nikola
 36834 | Snake:2  | Killed Nikola
 36897 | Snake:2  | Noticed Vashnia
 37292 | Snake:2  | Learned a level 7 spell: Haunt
 37297 | Snake:2  | Lost mutation: You are somewhat resistant to further mutation. [potion of cure mutation]
 37297 | Snake:2  | Lost mutation: Your spells are a little harder to cast, but a little more powerful. [potion of cure mutation]
 37297 | Snake:2  | Lost mutation: You have a pair of horns on your head. [potion of cure mutation]
 37297 | Snake:2  | Lost mutation: You are frail (-10% HP). [potion of cure mutation]
 37309 | Snake:2  | Lost mutation: You are weak. (Str -2) [potion of beneficial mutation]
 37812 | Snake:2  | Killed Vashnia
 37925 | Snake:2  | Lost mutation: You have large cloven feet. [mutagenic meat]
 37926 | Snake:2  | Gained mutation: You can spit weak poison. [mutagenic meat]
 37927 | Snake:2  | Gained mutation: You expend magic power (3 MP) to strengthen your wands. [mutagenic meat]
 37929 | Snake:2  | Lost mutation: You expend magic power (3 MP) to strengthen your wands. [mutagenic meat]
 38301 | Snake:3  | Noticed Donald
 38833 | Snake:3  | Gained mutation: Your flesh is cold resistant. [mutagenic meat]
 39380 | Snake:4  | Entered Level 4 of the Snake Pit
 39410 | Snake:4  | HP: 3/123 [salamander/spear (7)]
 39410 | Snake:4  | Mangled by a salamander

Vault maps used:
D:1:      minmay_arrival_shattered_statue, hangedman_decor_points,
          minmay_box_of_dots
D:2:      zin_purify, grunt_gozag_breadcrumbs, uniq_jessica
D:3:      first_bread, grunt_ministairs_3, grunt_decor_one_mirror, st_stairs_3
D:4:      serial_curves, eino_curves_02, eino_curves_01, enter_ossuary_5
D:5:      portal_sewer_entry_a, uniq_duvessa, uniq_prince_ribbit1, uniq_edmund
D:6:      minmay_temple_entry_large_hall
D:7:      kennysheep_mini_moat
D:8:      uniq_maurice, uniq_erica
D:9:      grunt_temple_overflow_cloverleaf, grunt_livestock
D:10:     orc_david_3
D:11:     grunt_lair_entry_elf_guard_hut, serial_co_window_serial,
          co_window_corner_a, co_window_paths_a, co_window_corner_a,
          co_window_paths_a, co_window_paths_a, co_window_corner_a,
          co_window_cross_2, co_window_2corner, co_window_2corner,
          co_window_of_opportunity_b
D:12:     basic_altar, serial_shops, shop, uniq_erolcha, uniq_harold
D:13:     enter_bailey_2
D:14:     wad_guarded_room, grunt_vaults_entry_tiered,
          nicolae_trove_entry_crossroad, hangedman_decor_growths
D:15:     grunt_enter_depths_giant_problem, minmay_misc_feat_enclosed,
          uniq_agnes
Temple:   triangle_lava_temple_12
Lair:1:   st_stairs_9
Lair:3:   elwin_shoals_entry_stream, lemuel_fruit_fields
Lair:5:   columned_hall_lemuel, beast_lair_carwin_9
Lair:6:   dummy_snake_entry
Lair:7:   slime_altar_1, lemuel_old_faithful
Lair:8:   grunt_lair_end_beastmaster, serial_bayou_pond_b, serial_bayou_pond_b,
          zaba_anthole
Snake:2:  corexii_hall_statues_t, uniq_vashnia, uniq_nikola, uniq_aizul
Snake:3:  nrook_guardian_serpent_snake_passage, st_stairs_5, uniq_donald
Snake:4:  grunt_snake_rune_spirals, st_stairs_4, serial_bayou_pond_e,
          serial_bayou_crossing
Orc:2:    nicolae_orc_accident_2, abandoned_shop, okawaru_metal_pillars_1_2,
          uniq_sonja, uniq_nergalle, uniq_maud
Orc:3:    portal_ice_cave_entry_pillars_01, nicolae_orc_pool_cavern, uniq_rupert
Orc:4:    st_orc_rangers, mines5_lemuel, uniq_nessos
Elf:1:    serial_shops, nicolae_shop_waterfront, minmay_elf_necromancy
Sewer:    sewer_kobolds
Ossuary:  ossuary_zaba_flooded
Bailey:   bailey_axe_minmay_hex_keep, bailey
IceCv:    ice_cave_small_demon

Action                   |  1- 3 |  4- 6 |  7- 9 | 10-12 | 13-15 | 16-18 || total
-------------------------+-------+-------+-------+-------+-------+-------++-------
Melee: Unarmed           |     2 |       |       |       |       |       ||     2
       Whip              |    34 |    39 |   123 |   280 |    11 |    13 ||   500
       Staff             |       |    27 |    56 |   503 |  1646 |  1539 ||  3771
       Demon blade       |       |       |       |       |       |    80 ||    80
 Cast: Pain              |    61 |   118 |   231 |   150 |    30 |    10 ||   600
       Vampiric Draining |       |       |     9 |    83 |    45 |    67 ||   204
       Regeneration      |       |       |     3 |    18 |    64 |    94 ||   179
       Animate Skeleton  |       |       |     1 |     7 |    14 |     9 ||    31
       Animate Dead      |       |       |       |     6 |    27 |    11 ||    44
       Dispel Undead     |       |       |       |     4 |    15 |    31 ||    50
       Sublimation of Bl |       |       |       |     1 |    13 |     5 ||    19
       Agony             |       |       |       |       |       |    40 ||    40
       Death Channel     |       |       |       |       |       |     1 ||     1
Invok: Receive Corpses   |       |       |       |     3 |    16 |     9 ||    28
       Torment           |       |       |       |       |     1 |       ||     1
Evoke: Rod               |       |       |       |    47 |    20 |    27 ||    94
       Phial of floods   |       |       |       |     1 |     3 |     6 ||    10
       Lamp of fire      |       |       |       |       |     4 |     5 ||     9
       Wand              |       |       |       |       |     6 |     4 ||    10
       Stone of tremors  |       |       |       |       |       |     1 ||     1
  Use: Scroll            |     4 |     6 |     9 |    11 |    14 |    18 ||    62
       Potion            |     2 |     2 |     3 |    12 |     4 |    11 ||    34
 Stab: Sleeping          |       |     1 |       |     6 |    28 |    17 ||    52
       Distracted        |       |       |       |     3 |    12 |    11 ||    26
  Eat: Chunk             |     1 |     6 |    15 |    31 |    36 |    36 ||   125
       Beef jerky        |       |     1 |       |     1 |     1 |     8 ||    11
       Fruit             |       |     1 |       |       |     7 |    14 ||    22
       Pizza             |       |       |     1 |       |    10 |     1 ||    12
       Royal jelly       |       |       |       |     1 |       |       ||     1
       Meat ration       |       |       |       |       |     3 |     3 ||     6
